cohdb
Replays
Latest Replays
All Replays
Popular Replays
Top Player Replays
Match Explorer
How It Works
Community
CoH3 Stats
Reddit
Sign in to upload your games and track your stats! →
Sign in with Steam
Match 41708939
Unlisted
Match 41708939
Overview
Messages
Build Orders
End
Panzergrenadier Squad
Selects Armored Support Battlegroup
250 Light Carrier
Panzergrenadier Squad
Construct Light Support Kompanie
MG34 Team
Selects Veteran Gunners
Selects Salvage Kits
Selects Veteran Gunners
Construct Mechanized Kompanie
Assault Mechanized Group
Support Armor Elements
Marder III Tank Destroyer
Panzerjäger Squad
Panzergrenadier Squad
StuG III D Assault Gun
Selects Flammpanzer III Medium Tank
Rapid Advance
StuG III D Assault Gun
A_Smoove
Gremlin
gigajug
Serberster
BIOHAZARD
=BIA=Daghito
demenza058
Andreuz
0
0
Comments
sign in to comment!
No comments posted yet!